 Dungeon Crawl Stone Soup version 0.28.0-1-gb440e238dd (webtiles) character file.

Game seed: 15776196269089429000

3702 Bearnado the Cruncher (level 9, -6/81 HPs)
             Began as a Minotaur Berserker on Feb 22, 2022.
             Was a Priest of Trog.
             Mangled by an orc warrior (20 damage)
             ... in a bailey.
             The game lasted 00:31:44 (6583 turns).

Bearnado the Cruncher (Minotaur Berserker)          Turns: 6583, Time: 00:31:44

Health: -6/81      AC: 16    Str: 25    XL:     9   Next: 91%
Magic:  2/8        EV:  8    Int:  4    God:    Trog [***...]
Gold:   525        SH:  5    Dex: 11    Spells: 8/8 levels left

rFire   . . .      SeeInvis .   N - +3 spear
rCold   . . .      Faith    .   (no shield)
rNeg    . . .      Spirit   .   k - +0 plate armour
rPois   +          Reflect  +   (helmet restricted)
rElec   .          Harm     .   v - +0 cloak
rCorr   .          Rampage  .   (no gloves)
Will    .....                   I - +0 pair of boots
Stlth   ..........              m - amulet of reflection
HPRegen 0.23/turn               (no ring)
MPRegen 0.11/turn               (no ring)

@: mighty, hasted, very quick
A: horns 2, retaliatory headbutt, claws 1, poison resistance, MP-powered wands
a: Renounce Religion, Berserk, Trog's Hand


You were in a bailey.
You worshipped Trog.
Trog was most pleased with you.
You visited 1 branch of the dungeon, and saw 8 of its levels.
You also visited: Bailey.

You collected 525 gold pieces.

Inventory:

Hand Weapons
 b - a +0 falchion
 n - a +0 quarterstaff
 u - a +3 quarterstaff of chaos
 D - a +0 trident
 J - a +2 dire flail of protection
 M - a +0 war axe
 N - a +3 spear (weapon)
Missiles
 e - 86 sling bullets
 p - 156 arrows
 G - a throwing net
Armour
 k - a +0 plate armour (worn)
 v - a +0 cloak (worn)
 y - a +0 cloak
 I - a +0 pair of boots (worn)
Jewellery
 m - an amulet of reflection (around neck)
 B - a ring of magical power
Wands
 q - a wand of charming (1) (quivered)
 r - a wand of flame (17)
 H - a wand of polymorph (6)
Scrolls
 a - 2 scrolls of enchant armour {unknown}
 c - 2 scrolls of blinking {unknown}
 g - 3 scrolls of enchant weapon {unknown}
 h - 2 scrolls of fear {unknown}
 i - 4 scrolls of teleportation
 j - a scroll of acquirement {unknown}
 l - a scroll of fog {unknown}
 o - 2 scrolls of magic mapping {unknown}
 s - 3 scrolls of torment
 F - a scroll of noise {unknown}
Potions
 d - 2 potions of magic {unknown}
 f - 3 potions of brilliance
 t - 2 potions of mutation
 w - a potion of curing {unknown}
 x - 2 potions of heal wounds {unknown}
 z - a potion of invisibility {unknown}
 A - a potion of ambrosia {unknown}
 E - a potion of haste
 K - a potion of berserk rage {unknown}
 L - a potion of flight {unknown}
 O - a potion of cancellation {unknown}


   Skills:
 + Level 8.0 Fighting
 + Level 5.4(9.1) Polearms
 + Level 11.4(11.9) Staves
 + Level 8.8 Armour
 + Level 3.5 Dodging
 + Level 1.7 Stealth
 + Level 0.8 Shields


You had 8 spell levels left.
You didn't know any spells.
Your spell library was empty.

Dungeon Overview and Level Annotations

Branches:
Dungeon (8/15)             Temple (0/1) D:6          Bailey (1/1)
   Lair: D:8-11

Altars:
Hepliaklqana
Nemelex Xobeh
Sif Muna
Uskayaw


Innate Abilities, Weirdness & Mutations

You have a pair of horns on your head.
You reflexively headbutt those who attack you in melee.
You have sharp fingernails.
Your system is resistant to poisons. (rPois)
You expend magic power (3 MP) to strengthen your wands.


Message History

The orc no longer looks unusually strong.
The orc warrior closely misses you.
You feel the effects of Trog's Hand fading.
The orc warrior no longer looks unusually strong.
You block the orc warrior's attack.
The orc hits your orc knight with a +0 war axe.
Your orc knight barely misses the orc.
The orc hits your orc knight with a +0 war axe.
The orc warrior misses you.
The orc no longer looks unusually strong.
Your orc knight closely misses the orc.
The orc closely misses your orc knight.
The orc warrior hits you from afar with a +0 halberd.
Your orc knight hits the orc with a +0 halberd!!
The orc dies!
Trog accepts your kill. The orc warrior barely misses you.
You block the orc warrior's attack.
The orc knight roars a battlecry!
The orc warrior goes into a battle-frenzy!
The orc hits you from afar with a +0 halberd!
N - a +3 spear (weapon)
The orc warrior barely misses you.
The orc knight hits you from afar with a +0 halberd!!
The orc barely misses you.
Okay, then.
The orc no longer looks unusually strong.
The orc knight roars a battlecry!
The orc goes into a battle-frenzy!
Your skin stops crawling.
You feel less strong-willed.
Your orc knight no longer looks unusually strong.
The orc warrior grunts loudly.
The orc warrior hits you from afar with a +0 halberd!
* * * LOW HITPOINT WARNING * * *
You feel yourself speed up.
The orc no longer looks unusually strong.
The orc warrior misses you.
There is an open door here.
You feel very mighty all of a sudden.
The orc warrior hits you from afar with a +0 halberd!!
You die...

############ #######
##.∩........## ##.....###
#......#.....######..)....#.
#.....###..@.#....#o.##)..'.
#∩..)).8....ooo..oo..8....'.
#....)###....#....#o.##...'.
#....))#.....######.o.)...#.
##.∩........## ##.....###
############ #######


You could see an orc knight, an orc warrior (strong), 2 orcs and a friendly orc
knight (charmed).

Vanquished Creatures
  Joseph (D:7)
  Grinder (D:5)
  Sigmund (D:6)
  Edmund (D:6)
  Duvessa (D:7)
  2 water moccasins
  5 orc warriors
  An ice beast (D:8)
  2 ogres
  2 black bears
  A centaur (D:7)
  A bullfrog (D:7)
  A kobold brigand (D:6)
  A scorpion (D:6)
  A water moccasin zombie (D:4)
  A water moccasin skeleton (D:2)
  Dowan (D:7)
  5 howler monkeys (D:7)
  A bullfrog zombie (D:7)
  A centaur zombie (D:6)
  Crazy Yiuf (D:3)
  4 orc priests
  A bullfrog skeleton (D:4)
  3 iguanas
  Jessica (D:2)
  A gnoll shaman (D:5)
  Natasha (twice) (D:4)
  3 hound zombies (D:4)
  A hound skeleton (D:5)
  3 gnolls (D:5)
  8 adders
  2 white imps
  3 adder zombies
  3 adder skeletons (D:4)
  4 worms
  The ghost of Icepheonix32 the Sneak, a weakling DsDe of Hepliaklqana (D:6)
  2 dart slugs (D:1)
  21 orcs
  5 bats
  9 endoplasms
  3 giant cockroaches
  6 goblins
  10 hobgoblins
  7 jackals (D:1)
  14 kobolds
  4 quokkas
  10 ball pythons
  2 frilled lizards (D:2)
  8 rats
173 creatures vanquished.

Vanquished Creatures (collateral kills)
  An ice beast (D:8)
  An orc warrior (Bailey)
  An orc priest (D:8)
  An orc wizard (D:8)
  9 orcs
  A goblin (D:8)
14 creatures vanquished.

Vanquished Creatures (others)
  2 orc warriors (Bailey)
  2 orcs (Bailey)
  2 plants (D:4)
6 creatures vanquished.

Grand Total: 193 creatures vanquished

Notes
Turn   | Place    | Note
-------+----------+-------------------------------------------
     0 | D:1      | Bearnado the Minotaur Berserker began the quest for the
                  | Orb.
     0 | D:1      | Reached XP level 1. HP: 19/19 MP: 0/0
    40 | D:1      | Reached XP level 2. HP: 20/27 MP: 1/1
   570 | D:1      | Reached XP level 3. HP: 27/34 MP: 2/2
   768 | D:1      | Reached ** piety under Trog
  1425 | D:2      | Noticed Jessica
  1430 | D:2      | Killed Jessica
  1431 | D:2      | Reached XP level 4. HP: 41/41 MP: 3/3
  1626 | D:2      | Reached skill level 5 in Polearms
  1665 | D:2      | Reached skill level 5 in Fighting
  1665 | D:2      | Reached skill level 1 in Staves
  1665 | D:2      | Reached XP level 5. HP: 40/48 MP: 4/4
  1866 | D:3      | Reached skill level 1 in Stealth
  2006 | D:3      | Found a faded altar of an unknown god.
  2088 | D:3      | Reached *** piety under Trog
  2107 | D:3      | Found a sparkling altar of Nemelex Xobeh.
  2281 | D:3      | Found a runed translucent door.
  2282 | D:3      | Noticed Crazy Yiuf
  2505 | D:3      | Killed Crazy Yiuf
  2681 | D:4      | Reached skill level 2 in Staves
  2689 | D:4      | Noticed Natasha
  2701 | D:4      | Killed Natasha
  2711 | D:4      | Reached XP level 6. HP: 53/56 MP: 5/5
  2781 | D:4      | Reached skill level 3 in Staves
  2947 | D:4      | Found a shimmering blue altar of Sif Muna.
  3072 | D:4      | Reached skill level 4 in Staves
  3181 | D:4      | Reached XP level 7. HP: 61/61 MP: 6/6
  3247 | D:4      | Noticed Natasha
  3255 | D:4      | Killed Natasha
  3317 | D:5      | Entered Level 5 of the Dungeon
  3334 | D:5      | Reached skill level 5 in Staves
  3512 | D:5      | Found a hazy altar of Hepliaklqana.
  3609 | D:5      | Found a hide-covered altar of Uskayaw.
  3722 | D:5      | Noticed Grinder
  3733 | D:5      | Killed Grinder
  3734 | D:5      | Reached skill level 6 in Staves
  3734 | D:5      | Reached skill level 5 in Armour
  3874 | D:5      | Reached **** piety under Trog
  3892 | D:5      | Reached XP level 8. HP: 69/70 MP: 7/7
  3915 | D:5      | Reached skill level 7 in Staves
  4303 | D:6      | Noticed Sigmund
  4314 | D:6      | Killed Sigmund
  4406 | D:6      | Found a runed translucent door.
  4407 | D:6      | Noticed Icepheonix32's ghost (weakling DsDe)
  4411 | D:6      | Killed Icepheonix32's ghost
  4464 | D:6      | Found a staircase to the Ecumenical Temple.
  4614 | D:6      | Noticed Edmund
  4627 | D:6      | Reached skill level 8 in Staves
  4640 | D:6      | Killed Edmund
  4984 | D:6      | Gained mutation: Your system is resistant to poisons.
                  | (rPois) [potion of mutation]
  4984 | D:6      | Gained mutation: You have sharp fingernails. [potion of
                  | mutation]
  4984 | D:6      | Gained mutation: You expend magic power (3 MP) to
                  | strengthen your wands. [potion of mutation]
  5000 | D:7      | Noticed Joseph
  5015 | D:7      | Killed Joseph
  5016 | D:7      | Reached skill level 9 in Staves
  5016 | D:7      | Reached XP level 9. HP: 18/78 MP: 8/8
  5331 | D:7      | Noticed Duvessa
  5346 | D:7      | Killed Duvessa
  5347 | D:7      | Noticed Dowan
  5358 | D:7      | Killed Dowan
  5513 | D:7      | Reached skill level 10 in Staves
  6279 | D:8      | Found a flagged portal.
  6388 | D:8      | Reached skill level 11 in Staves
  6446 | Bailey   | Entered a bailey
  6539 | Bailey   | Noticed an orc knight
  6539 | Bailey   | Noticed an orc knight
  6545 | Bailey   | Noticed an orc knight
  6583 | Bailey   | Mangled by an orc warrior

Illustrated notes

Levels and vault maps discovered:
D:1:      sevenhm_arrival_forest_fort_small_6, layout_loops_corners
D:2:      layout_rooms, kennysheep_another_room, uniq_jessica
D:3:      layout_basic, mainiacjoe_overflow_paths,
          ebering_ecumenical_altar_webs, serial_bayou, serial_bayou_pond_e,
          serial_bayou_shore_b, serial_bayou_crossing, serial_bayou_lagoon_a,
          uniq_crazy_yiuf_cottage
D:4:      corexii_shack_village, layout_rooms, kennysheep_orc_sif_temple,
          serial_undead, serial_undead_f, serial_undead_a, serial_undead_b,
          serial_undead_e, uniq_natasha
D:5:      layout_loops_ring, mainiacjoe_overflow_concentric_impassable,
          mainiacjoe_overflow_brackets, uniq_grinder
D:6:      layout_basic, minmay_temple_entry_large_hall, gammafunk_ghost_grave,
          uniq_edmund, uniq_sigmund
D:7:      layout_gridville, uniq_duvessa, uniq_joseph
D:8:      layout_loops_ring, ebering_ghost_reflecting_pool, enter_bailey_5
Bailey:   bailey_polearm_5, bailey

Skill      XL: |  1  2  3  4  5  6  7  8  9 |
---------------+----------------------------+-----
Fighting       | 4 5 6 8 |  8.0
Polearms       | 4 5 |  5.4
Staves         | 1 2 4 6 9 11 | 11.4
Armour         | 3 4 5 7 8 |  8.8
Stealth        | 1 |  1.7
Dodging        | 3 |  3.5
Shields        | |  0.8

Action                   |  1- 3 |  4- 6 |  7- 9 || total
-------------------------+-------+-------+-------++-------
Melee: Spear             |   112 |    19 |       ||   131
       Headbutt          |    12 |    17 |    34 ||    63
       Quarterstaff      |       |   108 |   188 ||   296
Invok: Berserk           |     1 |     2 |     6 ||     9
       Trog's Hand       |       |       |     2 ||     2
       Brothers in Arms  |       |       |     2 ||     2
Evoke: Wand              |       |       |    10 ||    10
  Use: Scroll            |       |       |     5 ||     5
       Potion            |       |       |     3 ||     3
 Stab: Paralysed         |       |       |     1 ||     1
Armor: Animal skin       |     2 |       |       ||     2
       Leather armour    |    13 |       |       ||    13
       Plate armour      |     6 |    77 |    89 ||   172
Dodge: Dodged            |    54 |    54 |    75 ||   183
Block: Other             |       |       |    21 ||    21
